 Dungeon Crawl Stone Soup version 0.27-a0-773-gaaee5cf45b (webtiles) character file.

Game seed: 10593771318401264706

2002 spiderkeys the Spear-Bearer (level 9, -3/118 HPs)
             Began as a Minotaur Berserker on Mar 25, 2021.
             Was a Priest of Trog.
             Splashed by Maurice's acid (11 damage)
             ... on level 8 of the Dungeon.
             The game lasted 00:04:54 (5386 turns).

spiderkeys the Spear-Bearer (Minotaur Berserker)    Turns: 5386, Time: 00:04:56

Health: -3/118     AC:  7    Str: 37    XL:     9   Next: 2%
Magic:  8/8        EV: 11    Int:  4    God:    Trog [***...]
Gold:   0          SH:  0    Dex: 10    Spells: 8/8 levels left

rFire    . . .     SeeInvis .   y - +0 trident
rCold    . . .     Faith    .   (no shield)
rNeg     . . .     Spirit   .   n - +0 chain mail
rPois    .         Reflect  .   (helmet restricted)
rElec    .         Harm     .   (no cloak)
rCorr    .         Rampage  .   p - +0 pair of gloves
Will     .....                  (no boots)
Stlth    ..........             (no amulet)
HPRegen  0.29/turn              c - +6 ring of strength
MPRegen  0.11/turn              g - +6 ring of strength

@: berserking, corroded, very quick
A: horns 2, retaliatory headbutt
a: Renounce Religion, Berserk, Trog's Hand


You were on level 8 of the Dungeon.
You worshipped Trog.
Trog was most pleased with you.
You visited 1 branch of the dungeon, and saw 8 of its levels.

You collected 104 gold pieces.
You spent 104 gold pieces at shops.

Inventory:

Hand Weapons
 a - a +0 spear
 y - a +0 trident (weapon)
Missiles
 h - 6 javelins
Armour
 n - a +0 chain mail (worn)
 p - a +0 pair of gloves (worn)
Jewellery
 c - a +6 ring of strength (right hand)
 g - a +6 ring of strength (left hand)
Wands
 q - a wand of digging (8)
 w - a wand of acid (11)
Scrolls
 e - a scroll of enchant weapon {unknown}
 f - a scroll of immolation {unknown}
 i - a scroll of fog
 j - a scroll of fear {unknown}
 l - 6 scrolls of teleportation
 o - a scroll of enchant armour {unknown}
 s - a scroll of summoning {unknown}
 u - 2 scrolls of magic mapping
 v - a scroll of amnesia {unknown}
 x - a scroll of blinking
Potions
 d - 10 potions of curing
 k - a potion of flight
 m - a potion of mutation
 r - a potion of heal wounds


   Skills:
 + Level 7.3 Fighting
 * Level 9.6 Polearms
 + Level 6.7 Armour
 + Level 6.0 Dodging


You had 8 spell levels left.
You didn't know any spells.
Your spell library contained the following spells:

 Spells                   Type           Power      Damage    Failure   Level
 Animate Skeleton         Necr           0%         N/A       89%         1
 Apportation              Tloc           0%         N/A       89%         1
 Corona                   Hex            0%         N/A       89%         1
 Magic Dart               Conj           0%         1d3       89%         1
 Pain                     Necr           0%         1d4       89%         1
 Summon Small Mammal      Summ           0%         N/A       89%         1
 Searing Ray              Conj           0%         3d3       96%         2
 Dazzling Flash           Conj/Hex       0%         N/A       99%         3
 Vampiric Draining        Necr           0%         2d6       99%         3
 Animate Dead             Necr           0%         N/A       100%        4
 Fulminant Prism          Conj/Hex       0%         3d6       100%        4
 Iskenderun's Mystic Bla  Conj/Tloc      0%         2d3       100%        4
 Agony                    Necr           0%         N/A       100%        5


Dungeon Overview and Level Annotations

Branches:
Dungeon (8/15)             Temple (0/1) D:5
   Lair: D:8-11

Altars:
Dithmenos
Gozag
Nemelex Xobeh
Okawaru
Yredelemnul

Shops:
D:3 *   D:4 ?   D:6 :

Annotations:
D:8 Maurice


Innate Abilities, Weirdness & Mutations

You have a pair of horns on your head.
You reflexively headbutt those who attack you in melee.


Message History

Maurice is heavily wounded.
Maurice gestures at himself while chanting.
Maurice flickers and vanishes!
Deactivating autopickup; reactivate with Ctrl-A.
No target in view!
No target in view!
No target in view!
You miss something. Your headbutt misses something. Something hits you.
Something steals your scroll labelled HUEREADAMI!
You closely miss something. Your headbutt misses something.
You hear some strange, mumbled words.
You hear a zap.
A bolt of acid appears from out of thin air!
The bolt of acid hits you!
You are splashed with acid!
You hear a zap.
A bolt of acid appears from out of thin air!
The bolt of acid hits you! The acid corrodes you!
You are splashed with acid!
* * * LOW HITPOINT WARNING * * *
You see here a +0 spear.
A red film seems to cover your vision as you go berserk!
You feel yourself moving faster!
You feel mighty! Something hits you.
* * * LOW HITPOINT WARNING * * *
Something steals 283 gold pieces!
You now have 0 gold pieces.
You barely miss something. You headbutt something. You miss something.
You headbutt something!! Something hits you.
* * * LOW HITPOINT WARNING * * *
Something steals your potion of haste!
You barely miss something. You barely miss something.
Your headbutt misses something. You miss something. Something hits you.
* * * LOW HITPOINT WARNING * * *
Something steals 2 of your 3 potions of mutation!
You miss something. You miss something. Your headbutt misses something.
You hear a zap.
A bolt of acid appears from out of thin air!
The bolt of acid hits you!
* * * LOW HITPOINT WARNING * * *
The acid corrodes you!
You are splashed with acid!
You die...

.........#
.........#
....(....#
...?..... (........
........#
........##
.......<.#########.
........{@.........
...................
...................
.........[.......##
###.....#........#
##...##..!.......
#.... ...........
...######.####...


There were no monsters in sight!

Vanquished Creatures
  Menkaure (D:5)
  2 black bears
  2 ogres (D:5)
  3 phantoms
  3 centaurs
  3 bullfrogs
  3 scorpions
  2 centaur zombies (D:5)
  3 bullfrog zombies
  A hound (D:5)
  3 orc priests (D:7)
  A gnoll shaman (D:7)
  2 jellies (D:7)
  2 orc wizards
  5 iguanas
  3 adders
  7 gnolls
  A shadow imp (D:5)
  3 dart slugs
  9 orcs
  4 bats
  4 endoplasms
  2 giant cockroaches (D:4)
  6 goblins
  8 hobgoblins
  10 jackals
  6 quokkas
  3 ball pythons
  3 frilled lizards
  3 kobolds
  3 rats
111 creatures vanquished.

Notes
Turn   | Place    | Note
-------+----------+-------------------------------------------
     0 | D:1      | spiderkeys the Minotaur Berserker began the quest for the
                  | Orb.
     0 | D:1      | Reached XP level 1. HP: 19/19 MP: 0/0
   180 | D:1      | Reached XP level 2. HP: 27/27 MP: 1/1
   183 | D:1      | Reached skill level 4 in Polearms
   379 | D:1      | Reached XP level 3. HP: 32/33 MP: 2/2
   939 | D:2      | Found a basalt altar of Yredelemnul.
   969 | D:2      | Reached ** piety under Trog
  1178 | D:2      | Reached XP level 4. HP: 40/40 MP: 3/3
  1514 | D:3      | Found Poenuih's Assorted Antiques.
  1537 | D:3      | Bought a scroll labelled JAAZ VIXUSETO for 26 gold pieces
  1537 | D:3      | Bought a scroll labelled HYRYKLO EPOVAI for 26 gold pieces
  2067 | D:4      | Noticed a black bear
  2072 | D:4      | Killed a black bear
  2073 | D:4      | Reached skill level 5 in Polearms
  2073 | D:4      | Reached XP level 5. HP: 37/47 MP: 4/4
  2676 | D:4      | Found Qaut's Magic Scroll Shop.
  2679 | D:4      | Bought 2 scrolls of identify for 52 gold pieces
  2975 | D:5      | Entered Level 5 of the Dungeon
  2993 | D:5      | Reached XP level 6. HP: 55/55 MP: 5/5
  3035 | D:5      | Reached skill level 5 in Fighting
  3035 | D:5      | Reached skill level 6 in Polearms
  3114 | D:5      | Found a shadowy altar of Dithmenos.
  3170 | D:5      | Reached XP level 7. HP: 61/61 MP: 6/6
  3185 | D:5      | Reached *** piety under Trog
  3190 | D:5      | Reached skill level 7 in Polearms
  3534 | D:5      | Reached skill level 5 in Armour
  3672 | D:5      | Noticed Menkaure
  3678 | D:5      | Killed Menkaure
  3762 | D:5      | Reached skill level 8 in Polearms
  3762 | D:5      | Reached XP level 8. HP: 70/70 MP: 7/7
  3788 | D:5      | Found a staircase to the Ecumenical Temple.
  3793 | D:5      | Reached skill level 5 in Dodging
  3904 | D:6      | Found an opulent altar of Gozag.
  4381 | D:6      | Reached skill level 9 in Polearms
  4489 | D:6      | Found Qelau's Book Boutique.
  4613 | D:7      | Found an iron altar of Okawaru.
  5208 | D:7      | Found a sparkling altar of Nemelex Xobeh.
  5231 | D:7      | Reached XP level 9. HP: 79/79 MP: 8/8
  5368 | D:8      | Noticed Maurice
  5386 | D:8      | Splashed by Maurice's acid

Illustrated notes

Levels and vault maps discovered:
D:1:      dpeg_arrival_concentric_ovals, layout_basic, feat_on_display
D:2:      layout_basic, nicolae_overflow_crystal_walls, serial_glass,
          glass_columns_b, glass_columns_c
D:3:      layout_rooms, serial_shops, shop, minmay_misc_feat_secret_circle
D:4:      layout_loops_corners, serial_shops, kennysheep_mini_moat
D:5:      layout_basic, grunt_dithmenos_shadows, temple_green, uniq_menkaure
D:6:      layout_loops_cross, lemuel_round_altar, serial_shops, shop_fountains
D:7:      layout_loops_cross, nemelex_xobeh_ov_fountains_minmay,
          okawaru_ov_weapons_minmay
D:8:      layout_rooms, zin_purify, minivault_27, uniq_maurice

Skill      XL: |  1  2  3  4  5  6  7  8 |
---------------+-------------------------+-----
Polearms       | 4 5 6 8 9 |  9.6
Fighting       | 4 5 6 7 |  7.3
Armour         | 3 4 5 6 |  6.7
Dodging        | 3 4 6 |  6.0

Action                   |  1- 3 |  4- 6 |  7- 9 || total
-------------------------+-------+-------+-------++-------
Melee: Spear             |    69 |   100 |   150 ||   319
       Headbutt          |     9 |    19 |    43 ||    71
       Trident           |       |       |    37 ||    37
Invok: Berserk           |       |     1 |     2 ||     3
  Use: Scroll            |       |     3 |     5 ||     8
 Stab: Distracted        |     1 |       |     1 ||     2
Armor: Animal skin       |     8 |       |       ||     8
       Chain mail        |     5 |    22 |    46 ||    73
Dodge: Dodged            |    21 |    36 |    46 ||   103

Table legend: (Time is in decaauts)
 A = Elapsed time spent in this place.
 B = Non-inter-level travel time spent in this place.
 C = Inter-level travel time spent in this place.
 D = Time resting spent in this place.
 E = Time spent auto-exploring this place.
 F = Levels seen in this place.
 G = Mean time per level.
                   A        B        C        D        E       F      G
               +--------+--------+--------+--------+--------+-----+--------+
         Total |   5325 |   5174 |    151 |     59 |   4517 |   8 |  665.6 |
       Dungeon |   5325 |   5174 |    151 |     59 |   4517 |   8 |  665.6 |
               +--------+--------+--------+--------+--------+-----+--------+

Top non-repeatable levels by time:
     D:4: 1025 daAuts
     D:5: 908 daAuts
     D:7: 799 daAuts
     D:1: 747 daAuts
     D:2: 731 daAuts
     D:6: 636 daAuts
     D:3: 462 daAuts
     D:8: 14 daAuts
